 Dungeon Crawl Stone Soup version 0.22-a0-113-gdd6f4a9 (webtiles) character file.

55 KristoblXynda the Ruffian (level 3, -1/29 HPs)
             Began as a Draconian Gladiator on Jan 28, 2018.
             Slain by an orc
             ... wielding a cursed +0 falchion
              (2 damage)
             ... on level 3 of the Dungeon.
             The game lasted 00:02:25 (1711 turns).

KristoblXynda the Ruffian (Draconian Gladiator)     Turns: 1711, Time: 00:02:26

Health: -1/29      AC:  6    Str: 16    XL:     3   Next: 67%
Magic:  3/3        EV: 12    Int:  9    God:
Gold:   113        SH:  3    Dex: 12    Spells: 2/2 levels left

rFire    . . .     SeeInvis .     - Unarmed
rCold    . . .     Gourm    .   l - +0 buckler
rNeg     . . .     Faith    .   (armour unavailable)
rPois    .         Spirit   .   a - +1 hat
rElec    .         Reflect  .   (no cloak)
rCorr    .         Harm     .   (no gloves)
MR       .....                  (no boots)
Stlth    +.........             (no amulet)
HPRegen  0.09/turn              (no ring)
MPRegen  0.08/turn              (no ring)

@: no status effects
A: unfitting armour, cold-blooded, AC +5
a: no special abilities


You were on level 3 of the Dungeon.
You were hungry.

You visited 1 branch of the dungeon, and saw 3 of its levels.

You collected 113 gold pieces.

Inventory:

Missiles
 b - 3 throwing nets (quivered)
Armour
 a - a +1 hat (worn)
 l - a +0 buckler (worn)
Jewellery
 h - an uncursed amulet of magic regeneration
Scrolls
 f - 2 scrolls of identify
 i - a scroll of remove curse
Potions
 d - a potion of flight {unknown}
 e - 2 potions of haste
 g - a potion of cancellation {unknown}
 j - a potion of curing {unknown}
Comestibles
 c - 3 rations


   Skills:
 - Level 2.1 Fighting
 - Level 2.2 Throwing
 + Level 3.2 Dodging
 + Level 0.9 Shields
 * Level 3.8 Unarmed Combat


You had 2 spell levels left.
You didn't know any spells.

Dungeon Overview and Level Annotations

Branches:
Dungeon (3/15)

Altars:
Elyvilon
Kikubaaqudgha


Innate Abilities, Weirdness & Mutations

Your plain brown scales are hard. (AC +5)
You cannot fit into any form of body armour.
You are cold-blooded and may be slowed by cold attacks.


Message History

The orc is moderately wounded.
You hit the orc.
You kill the orc!
You barely miss the orc. You tail-slap the orc.
The orc is lightly wounded.
The orc hits you with a falchion.
You hit the orc.
The orc is almost dead.
The orc hits you but does no damage.
You hit the orc.
You kill the orc!
The orc priest mumbles some strange prayers to Beogh against you.
Beogh smites you!
Ouch! That really hurt!
* * * LOW HITPOINT WARNING * * *
You barely miss the orc. The orc completely misses you.
You hit the orc. You tail-slap the orc.
The orc is almost dead.
The orc hits you with a falchion.
You die...

..r.......
.........
.........
........#
.......r# #.#
#o# #o#
#####@####
#........#
#.###.##.#
#.###.##.#
#######
#.##...#.#####
#.....#
#............#
#.###.#
#..#####.###.#
#.# #.####.#
#.###(### #.#
#......#
#.#(((..#


You could see an orc priest, an orc and a rat.

Vanquished Creatures
  An adder (D:2)
  2 dart slugs (D:1)
  A leopard gecko (D:3)
  3 orcs (D:3)
  4 bats
  2 giant cockroaches (D:2)
  3 goblins
  8 hobgoblins
  4 kobolds
  A quokka (D:2)
  A ball python (D:2)
  3 frilled lizards (D:1)
  3 rats
36 creatures vanquished.

Notes
Turn   | Place    | Note
-------+----------+-------------------------------------------
     0 | D:1      | KristoblXynda the Draconian Gladiator began the quest for the Orb.
     0 | D:1      | Reached XP level 1. HP: 17/17 MP: 1/1
     2 | D:1      | Noticed an electric eel
   217 | D:1      | Reached XP level 2. HP: 19/24 MP: 2/2
   868 | D:2      | Found a white marble altar of Elyvilon.
  1087 | D:2      | Reached XP level 3. HP: 17/29 MP: 3/3
  1088 | D:2      | Found an ancient bone altar of Kikubaaqudgha.
  1709 | D:3      | HP: 1/29 [orc priest/divine providence (16)]
  1711 | D:3      | Slain by an orc

Vault maps used:
D:1:      arrival_aquarium_a
D:2:      kiku_gazebo_garden_becter, elyvilon_altar_1
D:3:      nicolae_dithmenos_through_a_glass_darkly, portal_sewer_entry_c,
          first_ration, tgw_xom, uniq_jessica

Skill      XL: |  1  2 |
---------------+-------+-----
Throwing       | 2 |  2.2
Dodging        | 3 |  3.2
Fighting       | |  2.1
Shields        | |  0.9
Unarmed Combat | |  3.8

Action                   || total
-------------------------++-------
Melee: Unarmed           ||   127
       Tailslap          ||    13
  Use: Scroll            ||     6
 Stab: Sleeping          ||     2
  Eat: Chunk             ||     2
Armor: Skin              ||    30
Dodge: Dodged            ||    75
Block: Buckler           ||     5

Table legend:
 A = Spawn XP
 B = Non-spawn XP
 C = Spawn XP percentage of total XP
 D = Spawn monster count
 E = Non-spawn monster count
 F = Spawn count percentage of total count
 G = Total turns spent on level
                    A         B        C        D         E        F      G
               +---------+---------+-------+---------+---------+-------+---------
         Total |       0 |      79 |   0.0 |       0 |      36 |   0.0 |  1711
               +---------+---------+-------+---------+---------+-------+---------
           D:1 |       0 |      26 |   0.0 |       0 |      14 |   0.0 |   858
           D:2 |       0 |      36 |   0.0 |       0 |      15 |   0.0 |   668
           D:3 |       0 |      17 |   0.0 |       0 |       7 |   0.0 |   185
               +---------+---------+-------+---------+---------+-------+---------
